[Event "Early-Titled-Tuesday-Blitz-October-17-2023"]
[Site "Chess.com"]
[Date "2023.10.17"]
[Round "4"]
[White "Defenstrator"]
[Black "azikom"]
[Result "0-1"]
[WhiteElo "2403"]
[BlackElo "2625"]
[TimeControl "180+1"]
[EndTime "8:40:14 PDT"]
[Termination "azikom won by resignation"]

1. d4 d5 2. c4 c6 3. Nf3 Nf6 4. Ne5 Nbd7 5. Bf4 e6 6. Nc3 Bb4 7. e3 Ne4 8. Qc2 Qa5 9. Rc1 Qxa2 10. Bd3 Nxc3 11. bxc3 Qxc2 12. Rxc2 Be7 13. cxd5 exd5 14. c4 Nxe5 15. Bxe5 f6 16. Bg3 Be6 17. O-O dxc4 18.
Bxc4 Bxc4 19. Rxc4 Kd7 20. d5 Rhc8 21. d6 Bf8 22. e4 c5 23. f4 b5 24. Rc2 Bxd6 25. e5 Be7 26. Rd2+ Kc6 27. f5 c4 28. e6 Rd8 29. Ra2 a5 30. Rc1 a4 31. Be1 a3 32.
Bc3 Rd3 33. g4 b4 34. Bxb4 Bxb4 35. Rxc4+ Bc5+ 36. Kg2 Rb3 37. e7 Rb2+ 38. Rxb2 axb2 0-1

[Event "Early-Titled-Tuesday-Blitz-October-17-2023"]
[Site "Chess.com"]
[Date "2023.10.17"]
[Round "4"]
[White "Wizard_97"]
[Black "eljanov"]
[Result "0-1"]
[WhiteElo "2577"]
[BlackElo "2865"]
[TimeControl "180+1"]
[EndTime "8:40:15 PDT"]
[Termination "eljanov won by resignation"]

1. e4 c6 2. d4 d5 3. Nd2 dxe4 4.
Nxe4 Nf6 5. Nxf6+ exf6 6. c3 Bd6 7. Bd3 O-O 8. Ne2 Re8 9. O-O Nd7 10. Ng3 g6 11. f4 f5 12. b3 Nf6 13. Bb2 Ng4 14. Rf3 Qh4 15. Nf1 c5 16. c4 cxd4 17.
Bxd4 Qe7 18. Qc2 Bc5 19. Bxc5 Qxc5+ 20. Kh1 b6 21. h3 Nf6 22. Qf2 Bb7 23. Qxc5 bxc5 24.
Re3 Nh5 25. Kh2 Nxf4 26. Rg3 Rad8 27. Bc2 Re2 28. Rc1 Bxg2 29. Ne3 Rdd2 30. Nxg2 Nxg2 31. Rxg2 Rxg2+ 32. Kh1 Rxc2 0-1

[Event "Early-Titled-Tuesday-Blitz-October-17-2023"]
[Site "Chess.com"]
[Date "2023.10.17"]
[Round "4"]
[White "Bilan_Danila"]
[Black "GiorgianBarbosa"]
[Result "1-0"]
[WhiteElo "2591"]
[BlackElo "2373"]
[TimeControl "180+1"]
[EndTime "8:40:15 PDT"]
[Termination "Bilan_Danila won by checkmate"]

1. d4 Nf6 2. Nf3 g6 3. Bg5 Bg7 4. c3 O-O 5. Nbd2 b6 6. e4 Bb7 7.
e5 Ne4 8. Nxe4 Bxe4 9. Bd3 Bb7 10. O-O d6 11. Re1 Nd7 12. exd6 cxd6 13. Bxe7 Qc8 14. Bxf8 Nxf8 15. Be4 d5 16. Bd3 Ne6 17. Ne5 h6 18. Qf3 Ng5 19. Qe3 Ne4 20. f3 Nd6 21.
Re2 Kh7 22. Rae1 h5 23. Qg5 Kg8 24. Nxg6 fxg6 25. Qxg6 Ba6 26. Re7 Qf8 27. Qh7# 1-0

[Event "Early-Titled-Tuesday-Blitz-October-17-2023"]
[Site "Chess.com"]
[Date "2023.10.17"]
[Round "4"]
[White "wqws"]
[Black "Treasurechess777"]
[Result "1-0"]
[WhiteElo "2638"]
[BlackElo "2458"]
[TimeControl "180+1"]
[EndTime "8:40:17 PDT"]
[Termination "wqws won on time"]

1. e4 Nf6 2. e5 Nd5 3. Nf3 Nb6 4. d4 d5 5. a4 a5 6. h3 Bf5 7. Bd3 Bxd3 8. Qxd3 e6 9. O-O c5 10. Bg5 Qc7 11. Na3 c4 12. Nb5 Qd7 13. Qd2 Nxa4 14. Nd6+ Bxd6 15. exd6 Nb6 16. Be7 f6 17. Rxa5 Nc6 18.
Rxa8+ Nxa8 19. Ra1 Kf7 20. Qf4 Nb6 21. Ne5+ Nxe5 22.
dxe5 f5 23. g4 g6 24. Qg5 Rb8 25. Qf6+ Kg8 26. gxf5 exf5 27. e6 Qe8 28. d7 Nxd7 29. exd7 Qxd7 30. Bd6 Re8 31. Be5 Re6 32. Qh8+ Kf7 33.
Qg7+ 1-0

[Event "Early-Titled-Tuesday-Blitz-October-17-2023"]
[Site "Chess.com"]
[Date "2023.10.17"]
[Round "4"]
[White "Deadmold"]
[Black "Jojo_898"]
[Result "0-1"]
[WhiteElo "2168"]
[BlackElo "2369"]
[TimeControl "180+1"]
[EndTime "8:40:19 PDT"]
[Termination "Jojo_898 won by resignation"]

1. d4 Nf6 2. Nf3 e6 3. c4 b6 4.
Nc3 d5 5. Bg5 Be7 6. e3 Ba6 7. Ne5 O-O 8. Bd3 dxc4 9. Nxc4 c5 10. O-O cxd4 11. exd4 Nc6 12. Be3 Kh8 13. Be2 Rc8 14.
b3 Bb4 15. Rc1 Ne7 16. Bg5 b5 17. a3 Bxc3 18. Rxc3 bxc4 19. Bxf6 gxf6 20. bxc4 Ng6 21. Qd2 Kg7 22. Rh3 Rh8 23. Qh6+ Kg8 24. Rd1 Bxc4 25. Bxc4 Rxc4 26. g3 Rxd4 27. Rxd4 Qxd4 28. Qc1 h5 0-1

[Event "Early-Titled-Tuesday-Blitz-October-17-2023"]
[Site "Chess.com"]
[Date "2023.10.17"]
[Round "4"]
[White "MikaelyanArman"]
[Black "whitemirrorninja"]
[Result "1-0"]
[WhiteElo "2855"]
[BlackElo "2507"]
[TimeControl "180+1"]
[EndTime "8:40:20 PDT"]
[Termination "MikaelyanArman won by resignation"]

1. d4 e6 2. Nf3 f5 3. g3 Nf6 4.
Bg2 b6 5. O-O Bb7 6. c4 Be7 7. Nc3 Ne4 8. Ne5 Nxc3 9. bxc3 Bxg2 10.
Kxg2 O-O 11. Qd3 Nc6 12. Nxc6 dxc6 13. e4 c5 14. Bf4 cxd4 15. cxd4 c5 16. d5 fxe4 17.
Qxe4 exd5 18. cxd5 Bf6 19. Rae1 Re8 20. Qf5 Qc8 21. Rxe8+ Qxe8 22. Rd1 Rd8 23. Bc7 Qd7 24. Qxd7 Rxd7 25. d6 Kf7 26. f4 c4 27. Kf3 c3 28.
Ke4 Bd8 29. Bxd8 Rxd8 30. Kd5 c2 31. Rc1 Rc8 32. d7 Rc3 33. Kd4 1-0

[Event "Early-Titled-Tuesday-Blitz-October-17-2023"]
[Site "Chess.com"]
[Date "2023.10.17"]
[Round "4"]
[White "BeautiFullMindChess"]
[Black "Gentlejimmy7"]
[Result "0-1"]
[WhiteElo "2260"]
[BlackElo "2490"]
[TimeControl "180+1"]
[EndTime "8:40:20 PDT"]
[Termination "Gentlejimmy7 won on time"]

1. e4 c6 2. d4 d5 3. exd5 cxd5 4. Bd3 Nf6 5. h3 Nc6 6. c3 Qc7 7. Nf3 e5 8. dxe5 Nxe5 9. O-O Bd6 10. Nxe5 Bxe5 11. Nd2 O-O 12. Nf3 Bf4 13. Qa4 Bxc1 14. Raxc1 Bd7 15. Qd4 h6 16. Rfe1 Rfe8 17. Rxe8+ Rxe8 18.
Qxa7 Qf4 19. Rd1 Bxh3 20. Qd4 Qxd4 21. Nxd4 Bg4 22. f3 Be6 23. a4 Ra8 24. Bb5 Kf8 25.
Kf2 Bd7 26. Bxd7 Nxd7 27. b3 Nc5 28. Ke3 Rc8 29. Kd2 Ke7 30. Kc2 g6 31. g4 Ne6 32.
Nb5 Ng5 33. f4 Ne6 34. f5 Nf4 35. Re1+ Kf6 36. fxg6 fxg6 37. Nd6 Rb8 38. a5 Kg5 39. Re7 Kxg4 40. Nxb7 Ra8 41. b4 h5 42. b5 h4 43. a6 h3 44. Re1 d4 45. cxd4 Nd5 46. Kb3 Kg3 47. Nd6 g5 48. Ne4+ Kf4 49. Nf2 g4 50.
Nd3+ Kf3 51. Ne5+ Kf4 52. Rf1+ Kg5 53. Rg1 h2 54. Rxg4+ Kh5 55. Rg7 Rh8 0-1

[Event "Early-Titled-Tuesday-Blitz-October-17-2023"]
[Site "Chess.com"]
[Date "2023.10.17"]
[Round "4"]
[White "atbenina64"]
[Black "dosto07"]
[Result "1-0"]
[WhiteElo "2722"]
[BlackElo "2535"]
[TimeControl "180+1"]
[EndTime "8:40:23 PDT"]
[Termination "atbenina64 won on time"]

1. Nf3 d5 2. g3 Nf6 3. Bg2 Bf5 4. c4 c6 5. Qb3 Qb6 6. d3 e6 7. Be3 Qa6 8. Nd4 Bg6 9. cxd5 exd5 10. O-O Nbd7 11.
h3 Bc5 12. Nc3 O-O 13. f4 Rfe8 14. Bf2 h6 15. Rae1 Nf8 16. f5 Bh7 17. Na4 Bd6 18. e4 dxe4 19. dxe4 N8d7 20. Qc2 Re7 21. b3 Rae8 22. Nb2 Ne5 23. Nc4 Nxc4 24. bxc4 Nd7 25.
Nb3 Be5 26. Rd1 b6 27. c5 Nxc5 28. Nxc5 bxc5 29. Qxc5 Qxa2 30. Qxe7 1-0

[Event "Early-Titled-Tuesday-Blitz-October-17-2023"]
[Site "Chess.com"]
[Date "2023.10.17"]
[Round "4"]
[White "frederiksvane"]
[Black "DreamsAreFake"]
[Result "1-0"]
[WhiteElo "2918"]
[BlackElo "2742"]
[TimeControl "180+1"]
[EndTime "8:40:28 PDT"]
[Termination "frederiksvane won by resignation"]

1. Nf3 Nf6 2. g3 b6 3. Bg2 Bb7 4. O-O g6 5. c4 Bg7 6. d3 O-O 7.
e4 c5 8. Nc3 Nc6 9. Rb1 d6 10.
a3 a5 11. h3 e6 12. Be3 Nd7 13. d4 cxd4 14. Nxd4 Nc5 15. Ndb5 Bxc3 16. bxc3 Ne5 17.
Nxd6 Ba6 18. Bh6 Nxc4 19. Bxf8 Qxf8 20. Nxc4 Bxc4 21. Re1 Rd8 22. Qf3 b5 23. Red1 Bd3 24. Rb2 Bxe4 25. Rxd8 Qxd8 26. Qe3 Qd1+ 27. Kh2 Bxg2 28.
Kxg2 Nd3 29. Rd2 Ne1+ 30. Kf1 Qa1 31. Qxe1 Qxa3 32. Qe5 Qc1+ 33. Ke2 1-0

[Event "Early-Titled-Tuesday-Blitz-October-17-2023"]
[Site "Chess.com"]
[Date "2023.10.17"]
[Round "4"]
[White "Kotofeyca"]
[Black "KononenkoD"]
[Result "0-1"]
[WhiteElo "2442"]
[BlackElo "2637"]
[TimeControl "180+1"]
[EndTime "8:40:31 PDT"]
[Termination "KononenkoD won on time"]

1. d4 Nf6 2. c4 c5 3. Nf3 g6 4. Nc3 cxd4 5. Nxd4 d5 6. cxd5 Nxd5 7. Bd2 Bg7 8. e4 Nb6 9. Bb5+ Bd7 10. Be3 O-O 11. O-O Bxb5 12. Ndxb5 Nc6 13. Qxd8 Rfxd8 14. Nxa7 Nc4 15.
Nxc6 bxc6 16. Bc1 Rab8 17. Nd1 Rd7 18. f3 Bd4+ 19. Kh1 Be5 20. Rb1 Na3 21. Ra1 Nc2 22. Rb1 Ra7 23. a3 Rxa3 24. bxa3 Rxb1 25. Ne3 Nxe3 26.
Re1 Nc4 27. Bd2 Nxd2 0-1

[Event "Early-Titled-Tuesday-Blitz-October-17-2023"]
[Site "Chess.com"]
[Date "2023.10.17"]
[Round "4"]
[White "atalz0"]
[Black "Rutricks"]
[Result "0-1"]
[WhiteElo "2508"]
[BlackElo "2666"]
[TimeControl "180+1"]
[EndTime "8:40:33 PDT"]
[Termination "Rutricks won by resignation"]

1. d4 g6 2. e4 Bg7 3. Nf3 c6 4. Bd3 d5 5. Nbd2 dxe4 6. Nxe4 Nf6 7. O-O Nbd7 8. c3 Nxe4 9. Bxe4 O-O 10. Re1 c5 11. dxc5 Nxc5 12. Qxd8 Rxd8 13. Bc2 Ne6 14. Be3 Bd7 15. Bb3 h6 16. Rad1 Kf8 17. Bd5 Bc6 18. Bxe6 fxe6 19. Nd4 Bd5 20. b3 Kf7 21. c4 Be4 22. f3 Bc6 23. Nxc6 bxc6 24. Kf2 a5 25. Rxd8 Rxd8 26. Ke2 a4 27. Rd1 Rb8 28. Rb1 g5 29.
Kd3 Rd8+ 30. Kc2 axb3+ 31. Rxb3 Ra8 32. a3 Be5 33. h3 Kf6 34. Bc1 Bd4 35. Kd3 Bc5 36. Ke4 Rd8 37. Rd3 Rb8 38. Be3 Bxe3 39. Kxe3 Rb2 40. Rd2 Rb1 41. Ra2 Ke5 42. a4 Rb3+ 43.
Kf2 Kd4 44. a5 Rb7 45. a6 Ra7 46. Ra4 Kc3 47. Ke3 Kb3 48. Ra1 Kxc4 49. Ke4 Kb5 50. Ke5 c5 51. Kxe6 Rxa6+ 52. Rxa6 Kxa6 53. Kd5 Kb5 54. g3 c4 55. Kd4 Kb4 56. f4 c3 57. fxg5 c2 58. gxh6 c1=Q 0-1

[Event "Early-Titled-Tuesday-Blitz-October-17-2023"]
[Site "Chess.com"]
[Date "2023.10.17"]
[Round "4"]
[White "noblerone"]
[Black "ChessSkool"]
[Result "0-1"]
[WhiteElo "2514"]
[BlackElo "2675"]
[TimeControl "180+1"]
[EndTime "8:40:34 PDT"]
[Termination "ChessSkool won on time"]

1. d4 Nf6 2. Nf3 g6 3. Bg5 Bg7 4. Nbd2 O-O 5. c3 d6 6. e4 Nc6 7.
Be2 e5 8. O-O Re8 9. dxe5 Nxe5 10. Nxe5 Rxe5 11. f4 Re8 12. Bf3 Bd7 13. Re1 h6 14.
Bh4 Qc8 15. Qc2 Bc6 16. Rad1 Nd7 17. Nc4 a5 18. Bg4 b5 19. Nd2 Qb7 20. Bf3 Nc5 21.
Re2 b4 22. c4 Ne6 23. Bg3 Nd4 24. Qd3 Nxe2+ 25. Qxe2 Bxb2 26. Nb3 Bg7 27. Nd4 Bxe4 0-1

[Event "Early-Titled-Tuesday-Blitz-October-17-2023"]
[Site "Chess.com"]
[Date "2023.10.17"]
[Round "4"]
[White "Casper"]
[Black "pinguino120"]
[Result "1-0"]
[WhiteElo "2400"]
[BlackElo "2198"]
[TimeControl "180+1"]
[EndTime "8:40:34 PDT"]
[Termination "Casper won by resignation"]

1. e4 c5 2. d4 cxd4 3. Qxd4 Nc6 4. Qe3 d5 5. exd5 Qxd5 6. Qb3 Qxb3 7. axb3 e5 8. Bb5 Bd7 9. Be3 Nf6 10. Nf3 Nd5 11.
Bxc6 Bxc6 12. Rxa7 Rxa7 13. Bxa7 Bd6 14. O-O O-O 15. Rd1 Bc7 16. Bc5 Re8 17. Nc3 Nf4 18. Bd6 Ba5 19. Bxe5 Nxg2 20. Nd4 Rxe5 21. Nxc6 bxc6 22.
Kxg2 f5 23. Kf3 Kf7 24. Rd7+ Re7 25. Rd6 Rc7 26. Ne2 g6 27. Nd4 Bb4 28. Rxc6 Rxc6 29. Nxc6 Bc5 30. b4 Bb6 31. c4 Ke6 32. c5 Bc7 33. h3 Kd5 34. Na7 Kc4 35. Nc6 Kb5 36.
Ne7 Kxb4 37. Nd5+ Kxc5 38. Nxc7 1-0

[Event "Early-Titled-Tuesday-Blitz-October-17-2023"]
[Site "Chess.com"]
[Date "2023.10.17"]
[Round "4"]
[White "Arystanner"]
[Black "bazar-wokzal"]
[Result "1-0"]
[WhiteElo "2797"]
[BlackElo "2564"]
[TimeControl "180+1"]
[EndTime "8:40:36 PDT"]
[Termination "Arystanner won on time"]

1. e4 c5 2. Nf3 d6 3. Nc3 Nf6 4. d4 cxd4 5. Nxd4 a6 6. Be2 g6 7. Be3 Bg7 8. Qd2 O-O 9. O-O-O Ng4 10. Bxg4 Bxg4 11. f3 Be6 12. Bh6 Nc6 13. Bxg7 Kxg7 14. h4 Nxd4 15. Qxd4+ f6 16. h5 g5 17. h6+ Kg8 18.
f4 gxf4 19. g3 f3 20. Rdf1 Rc8 21. Rxf3 Qa5 22. a3 Rc4 23. Qd2 Rfc8 24. Kb1 b5 25.
Re1 b4 26. Nd5 Rxc2 27. Nxe7+ Kf7 28. Qxd6 Rxb2+ 29. Kxb2 bxa3+ 30. Rxa3 Qxe1 31. Nxc8 Qf2+ 32. Kc3 Qe1+ 33. Qd2 Qxg3+ 34. Kb2 Qb8+ 35. Kc1 Qxc8+ 36. Rc3 Qb7 37. Qf4 Qb4 38. Rc7+ Ke8 39. Qe3 Ba2 40. Qd3 Be6 41. Rc3 Kf7 42. e5 1-0

[Event "Early-Titled-Tuesday-Blitz-October-17-2023"]
[Site "Chess.com"]
[Date "2023.10.17"]
[Round "4"]
[White "Beca95"]
[Black "samolo"]
[Result "0-1"]
[WhiteElo "2910"]
[BlackElo "2762"]
[TimeControl "180+1"]
[EndTime "8:40:40 PDT"]
[Termination "samolo won on time"]

1. d4 g6 2. e4 Bg7 3. c4 d6 4. Be3 Nc6 5. Nc3 e5 6. Nge2 exd4 7.
Nxd4 Nge7 8. h4 h6 9. Qd2 Bd7 10.
O-O-O a6 11. Re1 Rb8 12. f3 Qc8 13. Nd5 Ne5 14. f4 Ng4 15. Bg1 Nxd5 16. exd5+ Kf8 17. h5 c5 18. Ne6+ fxe6 19. dxe6 Be8 20. Qxd6+ Kg8 21. Bxc5 Nf6 22. Bd3 Nxh5 23. g4 Nf6 24. g5 Ng4 25. Rxh6 Nxh6 26. gxh6 Rxh6 27. Kb1 Rh2 28. Ba3 Qd8 29. c5 Qf6 0-1

[Event "Early-Titled-Tuesday-Blitz-October-17-2023"]
[Site "Chess.com"]
[Date "2023.10.17"]
[Round "4"]
[White "TregubovP"]
[Black "Road2GM3000"]
[Result "1-0"]
[WhiteElo "2601"]
[BlackElo "2428"]
[TimeControl "180+1"]
[EndTime "8:40:40 PDT"]
[Termination "TregubovP won on time"]

1. e4 c5 2. Nf3 d6 3. Bb5+ Bd7 4. Bxd7+ Nxd7 5. O-O Ngf6 6. Re1 e6 7. c3 Be7 8. d4 O-O 9. e5 Ne8 10. Bf4 dxe5 11.
dxe5 Nc7 12. c4 Nb6 13. b3 Qxd1 14. Rxd1 Rad8 15. Nc3 a6 16. Kf1 Rxd1+ 17. Rxd1 Rd8 18. Rxd8+ Bxd8 19. Ne4 Nd7 20. Nd6 b5 21. Ke2 Be7 22. Kd3 Bxd6 23. exd6 Ne8 24. cxb5 axb5 25. a4 bxa4 26. bxa4 f6 27. Nd2 e5 28. Be3 Nxd6 29. Nc4 Nb7 30. Ke4 Kf7 31. Kd5 Ke7 32. a5 Nb8 33.
Bxc5+ Kd7 34. Bf8 g6 35. g4 Na6 36. Nb6+ Ke8 37. Ba3 Nxa5 38. Ke6 f5 39. g5 e4 40. Nd5 Nc4 41. Nf6+ Kd8 42. Bc1 1-0

[Event "Early-Titled-Tuesday-Blitz-October-17-2023"]
[Site "Chess.com"]
[Date "2023.10.17"]
[Round "4"]
[White "aghasiyevkamal"]
[Black "Balla_Tamas"]
[Result "1-0"]
[WhiteElo "2608"]
[BlackElo "2400"]
[TimeControl "180+1"]
[EndTime "8:40:40 PDT"]
[Termination "aghasiyevkamal won by resignation"]

1. e4 c5 2. Nf3 Nc6 3. Bb5 Nf6 4. Bxc6 dxc6 5. e5 Nd5 6. h3 Bf5 7. d3 h6 8. O-O Nc7 9. a4 a5 10. Na3 e6 11. Nc4 Nd5 12. Bd2 b6 13. Qe2 Be7 14.
Nh2 O-O 15. f4 Bh7 16. Ng4 Kh8 17. Nf2 f6 18. Ne4 Qc7 19. exf6 Bxf6 20. Nxf6 Rxf6 21. Ne5 Raf8 22. g3 Ne7 23. Ng4 Rg6 24. Kh2 Nf5 25. Bc3 h5 26. Ne5 Rxg3 27. Qxh5 Kg8 28. Rg1 Rxg1 29. Rxg1 b5 30. b3 Nd4 31. Bxd4 cxd4 32.
Rg4 Rf5 33. Qe8+ Rf8 34. Qxe6+ Kh8 35. Rh4 g5 36. Ng6+ Kg7 37. Rxh7+ Kxh7 38. Nxf8+ Kg7 39. Qf5 gxf4 40. Ne6+ 1-0

[Event "Early-Titled-Tuesday-Blitz-October-17-2023"]
[Site "Chess.com"]
[Date "2023.10.17"]
[Round "4"]
[White "Hrant_ChessMood"]
[Black "biostatistician"]
[Result "1-0"]
[WhiteElo "2937"]
[BlackElo "2582"]
[TimeControl "180+1"]
[EndTime "8:40:41 PDT"]
[Termination "Hrant_ChessMood won on time"]

1. Nf3 Nf6 2. c4 b6 3. d4 Bb7 4. Nc3 g6 5. Qc2 Bg7 6. e4 O-O 7. Be2 e6 8. e5 Ne8 9. h4 d6 10.
Bg5 f6 11. exf6 Nxf6 12. h5 gxh5 13. O-O-O Nbd7 14. Rxh5 Qe8 15. Rh3 e5 16. d5 Rf7 17.
Rdh1 Bf8 18. Bd3 Bg7 19. Bxh7+ Nxh7 20. Qxh7+ Kf8 21. Qg6 Nf6 22. Rh8+ Ng8 23. Ne4 Bc8 24. Rxg8+ Kxg8 25. Nf6+ Rxf6 26. Qxe8+ Rf8 27. Qh5 Bf5 28. Nh4 Bd3 29. Ng6 Rxf2 30. Qh7+ Kf7 31. Nxe5+ dxe5 32. Qxd3 e4 33. Qg3 Rxb2 34. Qxc7+ Kg6 35. Qc6+ Kxg5 36. Qxa8 Rxa2 37. Qd8+ Bf6 38. Qg8+ 1-0

[Event "Early-Titled-Tuesday-Blitz-October-17-2023"]
[Site "Chess.com"]
[Date "2023.10.17"]
[Round "4"]
[White "CADMartin"]
[Black "ukchessbomber"]
[Result "0-1"]
[WhiteElo "2471"]
[BlackElo "2645"]
[TimeControl "180+1"]
[EndTime "8:40:42 PDT"]
[Termination "ukchessbomber won by resignation"]

1. Nf3 a6 2. g3 d6 3. Bg2 Bd7 4.
O-O Qc8 5. Re1 Bh3 6. Bh1 h5 7. e4 h4 8. d4 Nc6 9. c3 g6 10. Bg5 hxg3 11. fxg3 Bg7 12. Nbd2 e5 13. d5 Nce7 14. Qc2 f6 15. Be3 Nh6 16. Nc4 Nf7 17. b4 g5 18. a4 Ng6 19. b5 f5 20.
Nxg5 f4 21. Nxf7 Kxf7 22. Bf2 Bf6 23. b6 Be7 24. bxc7 Qxc7 25. Nb6 Rag8 26. Bg2 Bxg2 27. Kxg2 Nh4+ 28. Kf1 Nf3 29. Ke2 Nxe1 30. Rxe1 Rxh2 31. Kd3 fxg3 32. Rf1 Rxf2 33. Rxf2+ gxf2 34. Qxf2+ Bf6 35. Nc4 Qd7 36. Qf3 Qg4 37. Nxd6+ Ke7 38. Nf5+ Kd7 39. Qf2 Qd1+ 40. Kc4 Qxa4+ 41. Kd3 Qd1+ 42. Kc4 b5+ 43. Kc5 Qg1 44. Qxg1 Rxg1 45. Kb6 Ra1 46. Ne3 Bg5 47. Nc2 Ra4 48. Nb4 Be3+ 49. Kb7 a5 50. Nc6 Kd6 51. Ka6 Rxe4 52. Kxb5 Kxd5 53. c4+ Rxc4 54. Ne7+ Ke6 55. Kxc4 Kxe7 0-1

[Event "Early-Titled-Tuesday-Blitz-October-17-2023"]
[Site "Chess.com"]
[Date "2023.10.17"]
[Round "4"]
[White "invisible_s0ul"]
[Black "Shockerlover"]
[Result "1-0"]
[WhiteElo "2276"]
[BlackElo "1945"]
[TimeControl "180+1"]
[EndTime "8:40:44 PDT"]
[Termination "invisible_s0ul won by checkmate"]

1. e4 c5 2. Nf3 Nc6 3. d4 cxd4 4. Nxd4 g6 5. c4 Nf6 6. Nc3 Bg7 7. Nc2 O-O 8. Be3 d6 9. Be2 Ne5 10. f3 Be6 11. b3 a6 12. O-O h5 13. Qd2 Kh7 14.
Rac1 Rc8 15. Rfd1 Qa5 16. Nd4 Bd7 17. Bf1 Nc6 18. Qf2 Nxd4 19. Bxd4 Bc6 20. Rb1 Qg5 21. Be3 Qa5 22. b4 Qc7 23. Rbc1 Qd7 24. b5 axb5 25. cxb5 Bxe4 26. Nxe4 Nxe4 27. fxe4 Qg4 28. Qf3 Qe6 29.
a4 Ra8 30. Bc4 Qf6 31. Qxf6 Bxf6 32. Bb3 g5 33. Rc7 Rfb8 34. Bd4 Kg7 35. Bxf6+ exf6 36. Rxd6 Rd8 37. Rxf7+ Kg6 38. Rdxf6# 1-0

[Event "Early-Titled-Tuesday-Blitz-October-17-2023"]
[Site "Chess.com"]
[Date "2023.10.17"]
[Round "4"]
[White "mfwagnerpeixoto"]
[Black "CristianS27"]
[Result "0-1"]
[WhiteElo "2332"]
[BlackElo "2512"]
[TimeControl "180+1"]
[EndTime "8:40:48 PDT"]
[Termination "CristianS27 won by resignation"]

1. e4 e5 2. Nf3 Nc6 3. d4 exd4 4. Bc4 Nf6 5. O-O Nxe4 6. Re1 d5 7. Bxd5 Qxd5 8.
Nc3 Qd7 9. Nxe4 Be7 10. Bg5 O-O 11. Bxe7 Qxe7 12. Nxd4 Bd7 13. Ng3 Qb4 14. Nb3 Bg4 15. f3 Be6 16. Re4 Qb6+ 17. Kh1 a5 18.
Qg1 Qxg1+ 19. Kxg1 b6 20. Rae1 a4 21. Nc1 a3 22. b3 Rfd8 23. Nd3 Nd4 24. Rc1 Nxc2 25.
Rxc2 Rxd3 26. Rxc7 Bxb3 27. Re2 Be6 28. Ne4 Rad8 29.
Kf2 h6 30. h4 Bd5 31. Nc3 Be6 32. Nb5 R8d5 33. Na7 Rd2 34. Nc6 Rxe2+ 35. Kxe2 Rc5 0-1

[Event "Early-Titled-Tuesday-Blitz-October-17-2023"]
[Site "Chess.com"]
[Date "2023.10.17"]
[Round "4"]
[White "Truequitos"]
[Black "nelsi"]
[Result "1-0"]
[WhiteElo "2508"]
[BlackElo "2284"]
[TimeControl "180+1"]
[EndTime "8:40:51 PDT"]
[Termination "Truequitos won on time"]

1. d4 Nf6 2. Nf3 g6 3. Bf4 Bg7 4. Nc3 d6 5. Qd2 O-O 6. Bh6 Nc6 7. h4 e5 8. h5 exd4 9. Nb5 Bf5 10. Bxg7 Kxg7 11.
Nbxd4 Ne4 12. Qf4 Nxd4 13. Nxd4 Qf6 14. e3 c5 15. Nxf5+ Qxf5 16. Qxf5 gxf5 17. h6+ Kg6 18. Rh3 f6 19. f3 Ng5 20. Rg3 Kxh6 21. O-O-O Rad8 22. Bc4 Kg6 23. f4 Rfe8 24. fxg5 fxg5 25. Bd5 b5 26. Rf3 Re5 27. b3 h5 28.
c4 bxc4 29. bxc4 a5 30. Kc2 a4 31. Rb1 Rde8 32. Rb6 Rxe3 33. Rxd6+ Kg7 34. Rxf5 Re2+ 35.
Kc1 Re1+ 36. Kb2 R1e2+ 37. Ka3 R8e3+ 38. Kxa4 Rxa2+ 39. Kb5 1-0

[Event "Early-Titled-Tuesday-Blitz-October-17-2023"]
[Site "Chess.com"]
[Date "2023.10.17"]
[Round "4"]
[White "borocotoajua"]
[Black "giomar27"]
[Result "0-1"]
[WhiteElo "2601"]
[BlackElo "2341"]
[TimeControl "180+1"]
[EndTime "8:40:52 PDT"]
[Termination "giomar27 won by resignation"]

1. d4 Nf6 2. Nf3 c5 3. d5 b5 4. a4 b4 5. Nbd2 d6 6. e4 e5 7.
dxe6 Bxe6 8. Ng5 Be7 9. Nxe6 fxe6 10. Bb5+ Nbd7 11. e5 dxe5 12. Nc4 O-O 13. O-O Qc7 14.
a5 Rad8 15. Qe2 e4 16. a6 Ne5 17. Bf4 Bd6 18. Bg3 Nxc4 19. Bxc4 Kh8 20. Bxe6 Bxg3 21.
hxg3 Qe5 22. Bc4 Qxb2 23. Rad1 Rd4 24. g4 Qc3 25. Be6 h6 26. Rfe1 Rfd8 27. Rxd4 Qxd4 28. Qb5 Qd2 29. Re2 Qd1+ 30. Kh2 Qd6+ 31. f4 exf3+ 0-1

[Event "Early-Titled-Tuesday-Blitz-October-17-2023"]
[Site "Chess.com"]
[Date "2023.10.17"]
[Round "4"]
[White "Mystery2007"]
[Black "BelaKis"]
[Result "1-0"]
[WhiteElo "2459"]
[BlackElo "2172"]
[TimeControl "180+1"]
[EndTime "8:40:52 PDT"]
[Termination "Mystery2007 won on time"]

1. b3 d6 2. Bb2 Nd7 3. e3 Ngf6 4. g3 g6 5. Bg2 Bg7 6. Ne2 O-O 7. O-O c5 8. c4 a6 9. Nbc3 Rb8 10. a4 b6 11. d4 Qc7 12. Re1 e5 13. Qd2 Re8 14.
Rad1 h5 15. dxe5 dxe5 16. e4 Nf8 17. h3 Ne6 18. Nd5 Qd8 19. Qc1 Nd4 20. Nxd4 exd4 21. f4 h4 22. g4 Nxg4 23. hxg4 Bxg4 24. Rd3 Qd7 25. Qd2 Bh6 26. Qf2 h3 27. Bf1 Kg7 28.
Bxd4+ cxd4 29. Qxd4+ f6 30. Qxf6+ Kh7 31. Qh4 Kg7 32.
Ne3 1-0

[Event "Early-Titled-Tuesday-Blitz-October-17-2023"]
[Site "Chess.com"]
[Date "2023.10.17"]
[Round "4"]
[White "crazy_m_attack"]
[Black "DonCiao"]
[Result "1-0"]
[WhiteElo "2443"]
[BlackElo "2100"]
[TimeControl "180+1"]
[EndTime "8:40:52 PDT"]
[Termination "crazy_m_attack won on time"]

1. e4 c5 2. Nf3 Nc6 3. d4 cxd4 4.
Nxd4 Nf6 5. Nc3 e5 6. Nde2 Bc5 7. Ng3 O-O 8. Na4 Bb4+ 9. c3 Ba5 10. b4 Bc7 11. Bc4 a6 12. Nb2 b5 13. Bb3 d6 14.
Bg5 h6 15. Bxf6 Qxf6 16. O-O Ne7 17. Qd2 Bb7 18. Nd1 Rad8 19. Ne3 Bb6 20. Nd5 Nxd5 21. Bxd5 Bxd5 22. Qxd5 Rc8 23. Rad1 Rfd8 24. Nf5 Rxc3 25. Qb7 d5 26. Ne7+ Kh8 27. Nxd5 Rxd5 28. exd5 Rc2 29.
d6 1-0

[Event "Early-Titled-Tuesday-Blitz-October-17-2023"]
[Site "Chess.com"]
[Date "2023.10.17"]
[Round "4"]
[White "Rital44"]
[Black "pineapplepenn"]
[Result "1-0"]
[WhiteElo "2495"]
[BlackElo "2415"]
[TimeControl "180+1"]
[EndTime "8:40:53 PDT"]
[Termination "Rital44 won by checkmate"]

1. d4 d6 2. Nf3 Nf6 3. c4 g6 4. Nc3 Bg7 5. e4 O-O 6. Be2 e5 7. O-O Nc6 8. d5 Ne7 9. b4 a5 10. Ba3 axb4 11. Bxb4 b6 12. a4 Nd7 13. a5 bxa5 14.
Bxa5 f5 15. Nb5 Nb6 16. Bxb6 Rxa1 17. Qxa1 cxb6 18. Qa3 fxe4 19. Ng5 Nf5 20. Nxe4 Rf7 21. Nexd6 Nxd6 22. Qxd6 Qg5 23. Qa3 h5 24. Nd6 Rf8 25. Nxc8 Rxc8 26. Qb3 Qd2 27. Bd3 Rf8 28. Bxg6 h4 29.
Qh3 Qg5 30. Be4 Rf4 31. Qe6+ Kh8 32. Qe8+ Bf8 33. d6 h3 34. g3 Rxe4 35. Qxf8+ Kh7 36. Qe7+ Kh6 37. Qxg5+ Kxg5 38. Rd1 b5 39. d7 bxc4 40.
d8=Q+ Kg4 41. Qd5 Re2 42. Qxc4+ Kf3 43. Rd3+ Re3 44. Rxe3# 1-0

[Event "Early-Titled-Tuesday-Blitz-October-17-2023"]
[Site "Chess.com"]
[Date "2023.10.17"]
[Round "4"]
[White "Sofia_Blokhin"]
[Black "LUISMIGUELOV"]
[Result "0-1"]
[WhiteElo "2288"]
[BlackElo "2149"]
[TimeControl "180+1"]
[EndTime "8:40:54 PDT"]
[Termination "LUISMIGUELOV won by resignation"]

1. d4 d5 2. c4 c6 3. Nc3 Nf6 4. e3 Bf5 5. Bd3 Bxd3 6. Qxd3 e6 7. Nf3 Nbd7 8. O-O Bb4 9. a3 Bxc3 10. Qxc3 O-O 11.
b4 Ne4 12. Qd3 f5 13. c5 b5 14. Bb2 a5 15. Ne1 axb4 16. axb4 Rxa1 17. Bxa1 Qc7 18. f3 Nef6 19. Nc2 Ra8 20. Bc3 Ra2 21. Re1 Qa7 22. h3 Qa4 23. Re2 Qb3 24. g4 g6 25. g5 Nh5 26. e4 Nf4 27. exf5 Nxd3 28. fxe6 Nf8 29. e7 Ra8 30. Ba1 Nd7 31. e8=Q+ Rxe8 32. Rxe8+ Kf7 0-1